 Dungeon Crawl Stone Soup version 0.22-a0-348-gd16d139 (webtiles) character file.

25013 Firecrotchwizard the Cruncher (level 13, -3/84 HPs)
             Began as a Gargoyle Gladiator on Apr 8, 2018.
             Was a High Priest of Okawaru.
             Slain by Kirke (17 damage)
             ... on level 3 of the Lair of Beasts on Apr 9, 2018.
             The game lasted 00:33:35 (16603 turns).

Firecrotchwizard the Cruncher (Gargoyle Gladiator) Turns: 16603, Time: 00:33:35

Health: -3/84      AC:  0    Str: 20    XL:     13   Next: 16%
Magic:  14/19      EV: 19    Int: 10    God:    Okawaru [*****.]
Gold:   527        SH:  0    Dex: 13    Spells: 12/12 levels left

rFire    . . .     SeeInvis .     - Unarmed
rCold    . . .     Gourm    .   (shield currently unavailable)
rNeg     + . .     Faith    .   (armour currently unavailable)
rPois    ∞         Spirit   .   (helmet currently unavailable)
rElec    .         Reflect  .   (cloak currently unavailable)
rCorr    .         Harm     .   (gloves currently unavailable)
MR       .....                  (boots currently unavailable)
Stlth    +++.......             n - amulet of rage {+Rage, !d}
HPRegen  0.24/turn              (ring currently unavailable)
MPRegen  0.16/turn              (ring currently unavailable)

@: pig-form, heroism, finesse, very quick
A: small, negative energy resistance 1, petrification resistance, rot immunity,
AC +9
a: Heroism, Finesse, Renounce Religion, Evoke Berserk Rage


You were on level 3 of the Lair of Beasts.
You worshipped Okawaru.
Okawaru was extremely pleased with you.
You were not hungry.
You were a filthy swine.
You visited 3 branches of the dungeon, and saw 16 of its levels.
You also visited: Sewer and Bailey.

You collected 937 gold pieces.
You spent 410 gold pieces at shops.

Inventory:

Hand Weapons
 V - a +2 quarterstaff of crushing (melded)
   (Okawaru gifted it to you on level 2 of the Lair of Beasts)
Missiles
 d - 2 throwing nets {=f, !d}
Armour
 c - a +0 helmet (melded)
 k - a +2 pair of boots (melded)
   (You found it on level 1 of the Dungeon)
 m - a +0 pair of gloves (melded)
   (You found it on level 2 of the Dungeon)
 y - a scarf of cloud immunity
   (You found it on level 3 of the Dungeon)
 K - a +2 chain mail of fire resistance (melded)
   (You found it on level 6 of the Dungeon)
 W - a +2 cloak (melded)
   (You found it on level 2 of the Lair of Beasts)
Magical Staves
 q - an uncursed staff of cold {rC+}
   (You found it on level 2 of the Dungeon)
 L - an uncursed staff of cold {rC+}
   (You took it off a crimson imp on level 10 of the Dungeon)
Jewellery
 a - a ring of wizardry (melded) {Wiz+, !d}
   (You found it on level 10 of the Dungeon)
 n - an amulet of rage (around neck) {+Rage, !d}
   (You found it on level 2 of the Dungeon)
 A - an uncursed ring of ice {rC+, rF-}
   (You found it on level 3 of the Dungeon)
 Q - an uncursed ring of see invisible {unknown}
   (You found it on level 1 of the Lair of Beasts)
Wands
 v - a wand of disintegration (12) {@e1}
   (You found it on level 7 of the Dungeon)
 B - a wand of clouds (3)
   (You found it on level 4 of the Dungeon)
 F - a wand of digging (8)
   (You found it on level 4 of the Dungeon)
 N - a wand of enslavement (14)
   (You took it off a gnoll on level 9 of the Dungeon)
 P - a wand of acid (6)
   (You found it on level 8 of the Dungeon)
 R - a wand of paralysis (16)
   (You found it on level 2 of the Lair of Beasts)
 T - a wand of iceblast (12)
   (You found it on level 2 of the Lair of Beasts)
 X - a wand of polymorph (7)
   (You found it on level 3 of the Lair of Beasts)
Scrolls
 b - a scroll of fear
 g - 4 scrolls of enchant weapon
 h - 5 scrolls of amnesia
 l - 2 scrolls of identify
 r - 7 scrolls of remove curse
 t - 4 scrolls of magic mapping {!r}
 x - 11 scrolls of teleportation
 E - 2 scrolls of fog
 G - 2 scrolls of blinking {!r}
Potions
 i - 3 potions of magic
 j - 8 potions of heal wounds
 o - 2 potions of mutation {unknown}
 p - 6 potions of brilliance
 s - 3 potions of invisibility
 u - 2 potions of degeneration {unknown}
 w - 8 potions of curing
 z - a potion of haste {unknown}
 C - a potion of cancellation {unknown}
 D - a potion of berserk rage {unknown}
 H - a potion of resistance {unknown}
 M - a potion of ambrosia {unknown}
 O - a potion of flight {unknown}
Miscellaneous
 I - a phantom mirror
 J - a crystal ball of energy
   (You found it in a bailey)
Comestibles
 f - 28 rations {@e1}


   Skills:
 + Level 11.5(16.5) Fighting
 - Level 14.0(19.0) Staves
 - Level 1.7(6.7) Throwing
 + Level 11.2(16.2) Armour
 + Level 3.3(8.3) Dodging
 - Level 8.3 Invocations


You had 12 spell levels left.
You didn't know any spells.

Dungeon Overview and Level Annotations

Branches:
Dungeon (11/15)            Temple (1/1) D:6            Lair (4/6) D:9
  Swamp (0/4) Lair:4       Spider (0/4) Lair:3          Orc (0/2) D:9

Altars:
Ashenzari
Cheibriados
Dithmenos
Elyvilon
Fedhas
Gozag
Hepliaklqana
Kikubaaqudgha
Makhleb
Nemelex Xobeh
Okawaru
Qazlal
Ru
Sif Muna
Trog
Vehumet
Wu Jian
Xom
Yredelemnul
Zin
The Shining One

Shops:
D:5 *%!=   D:9 (   D:10 }

Annotations:
D:5 Prince Ribbit
Lair:3 Kirke


Innate Abilities, Weirdness & Mutations

You are resistant to torment.
((Your stone body is resilient. (AC +9)))
You are immune to poison.
You resist negative energy. (rN+)
((You are resistant to electric shocks. (rElec)))
((You can survive without breathing.))
You are immune to petrification.
You are immune to rotting.


Message History

You hit the hog. The hog bites you but does no damage.
You hit the hog. The hog bites you but does no damage.
You sock the hog!
You kill the hog!
Okawaru accepts your kill.
You see here a hog corpse.
You butcher the hog corpse.
You see here 3 chunks of flesh {@w0}.
You see here a hog corpse.
You butcher the hog corpse.
Things that are here:
2 chunks of flesh {@w0}; a hog skeleton You see here 3 chunks of flesh {@w0}.
U - 13 chunks of flesh {@w0} (gained 3)
Things that are here:
2 chunks of flesh {@w0}; a hog skeleton
U - 15 chunks of flesh {@w0} (gained 2)
You start resting.
You feel like a meek peon again.
You regained 2 hp, and now have 63/84 hp.
You start resting.
You are feeling hungry.
You regained 3 hp, and now have 66/84 hp.
You start resting.
Some of the chunks of flesh in your inventory have rotted away.
Health restored: 84 You start waiting.
Done waiting.
You start waiting.
You are feeling very hungry.
Unknown command.
Eating one of 5 chunks of flesh {@w0}.
You eat one of the 5 chunks of flesh {@w0}.
Autopickup is now on.
As you read the scroll of identify, it crumbles to dust.
p - 6 potions of brilliance
As you read the scroll of identify, it crumbles to dust.
w - 8 potions of curing
As you read the scroll of identify, it crumbles to dust.
i - 3 potions of magic
As you read the scroll of identify, it crumbles to dust.
s - 3 potions of invisibility
Okay, then.
All of the chunks of flesh in your inventory have rotted away.
There is a stone staircase leading down here.
You gain the combat prowess of a mighty hero.
You now have 17/19 mp.
You can now deal lightning-fast blows.
You now have 12/19 mp.
You climb downwards.
Level annotation: Kirke Kirke casts a spell at you.
You turn into a filthy swine.
Your +2 quarterstaff of crushing melds into your body.
Your +2 cloak melds into your body.
Your +0 helmet melds into your body.
Your +0 pair of gloves melds into your body.
Your +2 pair of boots melds into your body.
Your +2 chain mail of fire resistance melds into your body.
Your ring of wizardry {Wiz+, !d} melds into your body.
You feel less resistant to fire. Kirke barely misses you.
There is a stone staircase leading up here.
You bite Kirke! You hit Kirke but do no damage.
Kirke hits you! 2 hogs come into view.
You take 12 damage, and have 72/84 hp.
The hog squeals angrily.
You bite Kirke! You hit Kirke. You hit Kirke but do no damage.
Kirke points at you and mumbles some strange words.
You feel a momentary urge to oink. Kirke completely misses you.
You climb upwards.
There is a stone staircase leading down here.
You hit Kirke. You hit Kirke. Kirke hits you!
You take 17 damage, and have 56/84 hp.
MASSIVE DAMAGE!!
You bite Kirke! You hit Kirke. You hit Kirke. Kirke hits you!
You take 14 damage, and have 42/84 hp.
You hit Kirke but do no damage. You hit Kirke but do no damage.
Kirke barely misses you.
You hit Kirke. You completely miss Kirke. You bite Kirke! Kirke hits you!
You take 12 damage, and have 31/84 hp.
You bite Kirke! You hit Kirke. You closely miss Kirke. Kirke hits you.
You take 4 damage, and have 27/84 hp.
You barely miss Kirke. You closely miss Kirke. Kirke hits you!
* * * LOW HITPOINT WARNING * * *
You take 14 damage, and have 13/84 hp.
You hit Kirke. You bite Kirke! You bite Kirke! Kirke hits you!
You die...

#..≈≈≈≈≈## #≈..≈≈#
#..§≈≈≈§§######≈..≈≈≈
##.≈≈≈#≈##≈#≈≈§§§....
#.≈≈≈≈≈≈≈≈≈≈≈≈≈.....
#............§§..#..
#...............#...
###..###§#P##.P.##..
#...#######.##.##..
##h..#.............
##.@.#.............
#...#..............
##...#..####...#...
##......######.P..#
###.P...####.##.(...#
#................#...
##.....PP.≈.≈........
##.....##≈≈≈#........


You could see Kirke.

Vanquished Creatures
  A hydra (Lair:1)
  2 two-headed ogres
  The ghost of arthad the Spear-Bearer, a novice MfBe of Trog (D:8)
  An unseen horror (D:10)
  Pikel (D:6)
  2 orc knights (Bailey)
  Joseph (D:8)
  8 elephants
  A black mamba (Lair:1)
  5 spiny frogs
  4 komodo dragons
  A demonic crawler (Lair:3)
  A troll (D:9)
  3 blink frogs (Lair:3)
  A slime creature (D:10)
  4 hippogriffs
  3 wyverns
  24 yaks
  Eustachio (D:6)
  A hungry ghost (D:8)
  6 hogs
  A human (D:7)
  An acid dragon (D:10)
  2 water moccasins
  3 porcupines
  6 sky beasts
  A swamp drake (D:9)
  6 orc warriors
  2 black bears
  An ice beast (D:10)
  2 phantoms
  3 slaves (D:6)
  9 ogres
  A necrophage (D:9)
  5 centaurs
  8 crocodiles
  2 big kobolds
  7 bullfrogs
  4 gnoll sergeants
  6 scorpions
  A water moccasin skeleton (D:5)
  8 wights
  4 killer bees (D:10)
  4 howler monkeys
  4 electric eels
  3 crimson imps
  2 centaur zombies
  2 lava snakes (Lair:3)
  2 quasits (D:10)
  2 bullfrog zombies
  4 bullfrog skeletons
  4 hounds
  3 jellies
  5 orc priests
  2 iguanas
  5 orc wizards
  12 worker ants
  2 hound zombies
  A hound skeleton (D:5)
  2 worker ant zombies (D:8)
  17 adders
  8 gnolls
  A shadow imp (D:5)
  3 oozes
  3 adder zombies
  3 adder skeletons
  8 worms
  2 dart slugs
  4 leopard geckos
  23 orcs
  6 ball pythons (Sewer)
  13 bats
  8 giant cockroaches
  16 goblins
  7 hobgoblins
  32 jackals
  22 kobolds
  8 quokkas
  5 frilled lizards
  A giant cockroach zombie (D:6)
  A leopard gecko skeleton (D:4)
  2 quokka skeletons
  A quokka zombie (D:8)
  6 rats
  3 plants (Sewer)
417 creatures vanquished.

Vanquished Creatures (others)
  A wizard (D:6)
  An orc (D:7)
  2 fungi
  2 plants (Sewer)
6 creatures vanquished.

Grand Total: 423 creatures vanquished

Notes
Turn   | Place    | Note
-------+----------+-------------------------------------------
     0 | D:1      | Firecrotchwizard the Gargoyle Gladiator began the quest for the Orb.
     0 | D:1      | Reached XP level 1. HP: 12/12 MP: 1/1
    52 | D:1      | Reached XP level 2. HP: 13/18 MP: 2/2
   294 | D:1      | Reached XP level 3. HP: 22/22 MP: 3/3
   564 | D:1      | Reached skill level 4 in Staves
   702 | D:2      | Reached skill level 3 in Fighting
   789 | D:2      | Reached XP level 4. HP: 28/28 MP: 4/4
   811 | D:2      | Reached skill level 1 in Armour
   829 | D:2      | Found a bloodstained altar of Trog.
  1670 | D:3      | Reached XP level 5. HP: 32/32 MP: 5/5
  1842 | D:3      | Reached skill level 2 in Armour
  1946 | D:3      | Found a glowing drain.
  1972 | D:3      | Reached skill level 5 in Staves
  2069 | Sewer    | Entered a sewer
  3082 | D:3      | Reached XP level 6. HP: 38/38 MP: 6/6
  3263 | D:4      | Reached skill level 4 in Fighting
  3383 | D:4      | Noticed a phantom
  3433 | D:4      | HP: 8/38 [phantom (5)]
  3437 | D:4      | Reached skill level 3 in Armour
  3730 | D:4      | Killed a phantom
  3730 | D:4      | Reached skill level 6 in Staves
  3730 | D:4      | Reached XP level 7. HP: 29/44 MP: 7/7
  4214 | D:5      | Entered Level 5 of the Dungeon
  4219 | D:5      | Found Ysaqyij's Jewellery Shop.
  4230 | D:5      | Found a white marble altar of Elyvilon.
  4273 | D:5      | Reached skill level 5 in Fighting
  4287 | D:5      | Found Rirchoa's Food Emporium.
  4298 | D:5      | Reached skill level 4 in Armour
  4319 | D:5      | Reached skill level 7 in Staves
  4319 | D:5      | Reached XP level 8. HP: 41/49 MP: 8/8
  4401 | D:5      | Found Anwy's Assorted Antiques.
  4414 | D:5      | Found Lezierch's Distillery.
  4422 | D:5      | Bought a potion of heal wounds for 50 gold pieces
  4697 | D:5      | Got a twisted spear
  4709 | D:5      | Noticed a two-headed ogre
  4717 | D:5      | Killed a two-headed ogre
  4717 | D:5      | Reached skill level 6 in Fighting
  4717 | D:5      | Reached skill level 8 in Staves
  4717 | D:5      | Reached skill level 5 in Armour
  4931 | D:5      | Reached XP level 9. HP: 56/56 MP: 9/9
  5397 | D:6      | Reached skill level 9 in Staves
  5416 | D:6      | Reached skill level 6 in Armour
  5739 | D:6      | Noticed Prince Ribbit
  5766 | D:6      | Reached skill level 7 in Fighting
  6031 | D:6      | Found a staircase to the Ecumenical Temple.
  6042 | Temple   | Entered the Ecumenical Temple
  6054 | Temple   | Became a worshipper of Warmaster Okawaru
  6455 | D:6      | Noticed Eustachio
  6492 | D:6      | Killed Eustachio
  6498 | D:6      | Noticed Pikel
  6507 | D:6      | Killed Pikel
  6507 | D:6      | Reached * piety under Okawaru
  6507 | D:6      | Reached skill level 10 in Staves
  6569 | D:6      | Found a bloodstained altar of Trog.
  6570 | D:6      | Noticed a wizard
  6575 | D:6      | Killed a wizard
  6738 | D:7      | Reached skill level 7 in Armour
  6856 | D:7      | Reached skill level 1 in Invocations
  6889 | D:7      | Reached XP level 10. HP: 56/64 MP: 10/10
  7268 | D:7      | Noticed a two-headed ogre
  7309 | D:7      | Found an ornate altar of the Wu Jian Council.
  7376 | D:7      | Reached skill level 8 in Fighting
  7399 | D:7      | Reached skill level 2 in Invocations
  7410 | D:7      | Reached ** piety under Okawaru
  7645 | D:7      | Found a snail-covered altar of Cheibriados.
  7650 | D:7      | Found a shattered altar of Ashenzari.
  7652 | D:7      | Found an ornate altar of the Wu Jian Council.
  7652 | D:7      | Found a radiant altar of Vehumet.
  7652 | D:7      | Found a shimmering altar of Xom.
  7740 | D:7      | Got an ichor-stained chain mail
  7741 | D:7      | Identified the +1 chain mail "Ucilo" {rElec MR+++ Dex-2} (You found it on level 7 of the Dungeon)
  8011 | D:8      | Noticed arthad's ghost (novice MfBe)
  8230 | D:8      | Found a white marble altar of Elyvilon.
  8231 | D:8      | Noticed Joseph
  8248 | D:8      | Killed Joseph
  8248 | D:8      | Reached skill level 3 in Invocations
  8280 | D:8      | Found a flagged portal.
  8294 | Bailey   | Entered a bailey
  8315 | Bailey   | Noticed an orc knight
  8329 | Bailey   | Killed an orc knight
  8329 | Bailey   | Reached skill level 11 in Staves
  8348 | Bailey   | Noticed an orc knight
  8355 | Bailey   | Reached skill level 8 in Armour
  8371 | Bailey   | Killed an orc knight
  8371 | Bailey   | Reached *** piety under Okawaru
  8396 | Bailey   | Found a bloodstained altar of Trog.
  8622 | D:8      | Reached skill level 4 in Invocations
  8662 | D:8      | Killed arthad's ghost
  8662 | D:8      | Reached **** piety under Okawaru
  8662 | D:8      | Reached skill level 9 in Fighting
  8662 | D:8      | Reached XP level 11. HP: 58/71 MP: 12/14
  8898 | D:8      | Found a shadowy altar of Dithmenos.
  9131 | D:9      | Found a stormy altar of Qazlal.
  9137 | D:9      | Found Uwkuss's Weapon Shop.
  9266 | D:9      | Found a sacrificial altar of Ru.
  9441 | D:9      | Reached skill level 5 in Invocations
  9705 | D:9      | Found a deep blue altar of Sif Muna.
  9725 | D:9      | Found a staircase to the Orcish Mines.
  9773 | D:9      | Reached skill level 12 in Staves
 10077 | D:9      | Reached ***** piety under Okawaru
 10107 | D:9      | Reached skill level 9 in Armour
 10672 | D:9      | Found a staircase to the Lair.
 10879 | D:10     | Entered Level 10 of the Dungeon
 10948 | D:10     | Noticed a two-headed ogre
 10953 | D:10     | Killed a two-headed ogre
 10953 | D:10     | Received a gift from Okawaru
 10997 | D:10     | Reached skill level 6 in Invocations
 11216 | D:10     | You fall through a shaft!
 11538 | D:10     | Reached skill level 10 in Fighting
 11841 | D:10     | Found Warch's Gadget Emporium.
 11849 | D:10     | Bought a wand of acid (8) for 360 gold pieces
 12105 | D:10     | Killed an unseen horror
 12105 | D:10     | Reached XP level 12. HP: 61/77 MP: 16/16
 12161 | D:10     | Identified the Reference Book on the Rocks and Enhancements
 12405 | Lair:1   | Entered Level 1 of the Lair of Beasts
 12639 | Lair:1   | Reached skill level 13 in Staves
 13065 | Lair:1   | Reached skill level 10 in Armour
 13065 | Lair:1   | Reached skill level 7 in Invocations
 13479 | Lair:1   | Noticed an eight-headed hydra
 13488 | Lair:1   | Killed an eight-headed hydra
 14139 | Lair:2   | Received a gift from Okawaru
 14611 | Lair:2   | Received a gift from Okawaru
 15165 | Lair:3   | Found a hole to the Spider Nest.
 15181 | Lair:3   | Reached skill level 8 in Invocations
 15203 | Lair:3   | Reached skill level 11 in Fighting
 15220 | Lair:3   | Got a scorched arbalest
 15394 | Lair:3   | Identified the +6 arbalest "Peojuih" {venom, rN+ Dex+2} (You found it on level 3 of the Lair of Beasts)
 15540 | Lair:3   | Reached skill level 14 in Staves
 15559 | Lair:3   | Reached XP level 13. HP: 62/84 MP: 19/19
 16110 | Lair:4   | Found a staircase to the Swamp.
 16123 | Lair:4   | Reached skill level 11 in Armour
 16142 | Lair:4   | Reached skill level 3 in Dodging
 16250 | Lair:4   | Noticed Kirke
 16600 | Lair:3   | HP: 13/84 [Kirke (14)]
 16603 | Lair:3   | Slain by Kirke

Vault maps used:
D:1:      nagdon_arrival_zigzag_paths, minmay_misc_feat_cross,
          minmay_tree_intersection
D:2:      old_standard_altar, serial_corexii_hall, corexii_hall_statues_l,
          corexii_hall_statues_i, roderic_lattice_a
D:3:      cheibrodos_sewer_entry_bend, minmay_misc_feat_chi
D:4:      minmay_joined_circles
D:5:      minmay_thick_lines, first_ration, basic_altar, serial_shops,
          shop_fountains, shop, shop, nicolae_shop_overgrown_old_shop,
          kennysheep_generic_room_11
D:6:      minmay_temple_entry_statues_fountains, nrook_pool_corridor,
          trog_wizard, uniq_eustachio, uniq_prince_ribbit1, uniq_pikel
D:7:      minitemple, grunt_livestock, kennysheep_flooded_box,
          chequers_big_river, lightli_corner_chamber
D:8:      enter_bailey_2, basic_altar, nicolae_dithmenos_the_darkroom,
          uniq_joseph
D:9:      nicolae_ru_great_annihilating_truth, grunt_qazlal_sundering,
          kennysheep_mini_moat, erik_lair_dragon,
          kennysheep_orc_monster_closet_entryway, serial_shops,
          nicolae_shop_crystal
D:10:     serial_shops, shop, minmay_pinched_square
D:11:     minivault_25, nrook_loot_triangle, uniq_fannar
Temple:   cyrus_circular_temple
Lair:2:   ldierk_geyser, beast_lair_carwin_7
Lair:3:   nicolae_spider_entry_non_spiders, grunt_megastairs_1
Lair:4:   swamp_mist_pool, uniq_kirke
Sewer:    sewer_co_scattered_pipes
Bailey:   bailey_axe_3, bailey

Skill      XL: |  1  2  3  4  5  6  7  8  9 10 11 12 13 |
---------------+----------------------------------------+-----
Staves         | 4 5 6 7 8 10 11 12 14 | 14.0
Fighting       | 3 4 5 6 7 9 10 11 | 11.5
Armour         | 1 2 3 4 5 7 8 9 10 11 | 11.2
Invocations    | 1 4 6 8 |  8.3
Dodging        | 3 |  3.3
Throwing       | |  1.7

Action                   |  1- 3 |  4- 6 |  7- 9 | 10-12 | 13-15 || total
-------------------------+-------+-------+-------+-------+-------++-------
Melee: Quarterstaff      |    98 |   388 |   361 |  1139 |    90 ||  2076
       Staff             |       |     7 |       |       |       ||     7
       Unarmed           |       |       |       |       |    23 ||    23
Throw: Throwing net      |       |       |     3 |       |       ||     3
       Javelin           |       |       |       |     9 |       ||     9
Invok: Heroism           |       |       |       |    10 |     4 ||    14
       Finesse           |       |       |       |       |     1 ||     1
Evoke: Wand              |       |       |     1 |     6 |       ||     7
  Use: Scroll            |       |     4 |     7 |     5 |     8 ||    24
       Potion            |       |       |       |     1 |       ||     1
 Stab: Invisible         |       |       |       |     1 |       ||     1
       Paralysed         |       |       |       |     1 |       ||     1
  Eat: Chunk             |       |    10 |     8 |    22 |     3 ||    43
       Ration            |       |       |     1 |     2 |       ||     3
Armor: Leather armour    |    46 |    70 |       |       |       ||   116
       Ring mail         |       |   143 |   123 |       |       ||   266
       Chain mail        |       |       |    65 |   661 |    63 ||   789
Dodge: Dodged            |    76 |   228 |   150 |   429 |    42 ||   925

Table legend:
 A = Spawn XP
 B = Non-spawn XP
 C = Spawn XP percentage of total XP
 D = Spawn monster count
 E = Non-spawn monster count
 F = Spawn count percentage of total count
 G = Total turns spent on level
                    A         B        C        D         E        F      G
               +---------+---------+-------+---------+---------+-------+---------
         Total |       0 |   35734 |   0.0 |       0 |     411 |   0.0 | 16603
               +---------+---------+-------+---------+---------+-------+---------
           D:1 |       0 |      57 |   0.0 |       0 |      31 |   0.0 |   675
           D:2 |       0 |      98 |   0.0 |       0 |      26 |   0.0 |   900
           D:3 |       0 |     138 |   0.0 |       0 |      22 |   0.0 |  1253
           D:4 |       0 |     643 |   0.0 |       0 |      31 |   0.0 |   728
           D:5 |       0 |    1686 |   0.0 |       0 |      21 |   0.0 |  1303
           D:6 |       0 |    1535 |   0.0 |       0 |      19 |   0.0 |  1161
           D:7 |       0 |    2128 |   0.0 |       0 |      24 |   0.0 |  1464
           D:8 |       0 |    1964 |   0.0 |       0 |      19 |   0.0 |   544
           D:9 |       0 |    4349 |   0.0 |       0 |      53 |   0.0 |  1991
          D:10 |       0 |    4749 |   0.0 |       0 |      55 |   0.0 |  1359
          D:11 |       0 |      68 |   0.0 |       0 |       2 |   0.0 |    28
        Lair:1 |       0 |    5402 |   0.0 |       0 |      23 |   0.0 |  1482
        Lair:2 |       0 |    4589 |   0.0 |       0 |      21 |   0.0 |  1244
        Lair:3 |       0 |    5441 |   0.0 |       0 |      27 |   0.0 |  1359
        Lair:4 |       0 |    1401 |   0.0 |       0 |       3 |   0.0 |   113
         Sewer |       0 |      58 |   0.0 |       0 |      21 |   0.0 |   658
        Bailey |       0 |    1428 |   0.0 |       0 |      13 |   0.0 |   320
               +---------+---------+-------+---------+---------+-------+---------

Vault maps used:
D:1:      nagdon_arrival_zigzag_paths, minmay_misc_feat_cross,
          minmay_tree_intersection
D:2:      old_standard_altar, serial_corexii_hall, corexii_hall_statues_l,
          corexii_hall_statues_i, roderic_lattice_a
D:3:      cheibrodos_sewer_entry_bend, minmay_misc_feat_chi
D:4:      minmay_joined_circles
D:5:      minmay_thick_lines, first_ration, basic_altar, serial_shops,
          shop_fountains, shop, shop, nicolae_shop_overgrown_old_shop,
          kennysheep_generic_room_11
D:6:      minmay_temple_entry_statues_fountains, nrook_pool_corridor,
          trog_wizard, uniq_eustachio, uniq_prince_ribbit1, uniq_pikel
D:7:      minitemple, grunt_livestock, kennysheep_flooded_box,
          chequers_big_river, lightli_corner_chamber
D:8:      enter_bailey_2, basic_altar, nicolae_dithmenos_the_darkroom,
          uniq_joseph
D:9:      nicolae_ru_great_annihilating_truth, grunt_qazlal_sundering,
          kennysheep_mini_moat, erik_lair_dragon,
          kennysheep_orc_monster_closet_entryway, serial_shops,
          nicolae_shop_crystal
D:10:     serial_shops, shop, minmay_pinched_square
D:11:     minivault_25, nrook_loot_triangle, uniq_fannar
Temple:   cyrus_circular_temple
Lair:2:   ldierk_geyser, beast_lair_carwin_7
Lair:3:   nicolae_spider_entry_non_spiders, grunt_megastairs_1
Lair:4:   swamp_mist_pool, uniq_kirke
Sewer:    sewer_co_scattered_pipes
Bailey:   bailey_axe_3, bailey

Table legend:
 A = Turns spent in this place as a percentage of turns spent in the entire game.
 B = Non-inter-level travel turns spent in this place as a percentage of non-inter-level travel turns spent in the entire game.
 C = Inter-level travel turns spent in this place as a percentage of turns spent in this place.
 D = Turns resting spent in this place as a percentage of non-inter-level travel turns spent in this place.
 E = Turns spent auto-exploring this place as a percentage of non-inter-level travel turns spent in this place.
 F = Non-inter-level travel turns spent in this place divided by the number of levels of this place that you've seen.
                   A       B       C       D       E      F
               +-------+-------+-------+-------+-------+----------------------
         Total | 100.0 | 100.0 |   3.8 |  25.8 |  49.5 | 887.5
       Dungeon |  68.7 |  68.2 |   4.4 |  24.0 |  51.4 | 991.1
        Temple |   0.1 |   0.1 |  38.1 |   0.0 |  15.4 |  13.0
          Lair |  25.3 |  25.6 |   2.8 |  32.7 |  46.0 | 1020.5
         Sewer |   4.0 |   4.1 |   0.0 |   0.0 |  60.2 | 658.0
        Bailey |   1.9 |   2.0 |   0.0 |  52.2 |   8.4 | 320.0
               +-------+-------+-------+-------+-------+----------------------

Table legend:
 A = Kills in this place as a percentage of kills in entire the game.
 B = Kills by you in this place as a percentage of kills by you in the entire game.
 C = Kills by friends in this place as a percentage of kills by friends in the entire game.
 D = Other kills in this place as a percentage of other kills in the entire game.
 E = Experience gained in this place as a percentage of experience gained in the entire game.
 F = Experience gained in this place divided by the number of levels of this place that you have seen.
                   A       B       C       D       E      F
               +-------+-------+-------+-------+-------+----------------------
         Total | 100.0 | 100.0 |   N/A |   N/A | 100.0 | 1985.2
       Dungeon |  73.7 |  73.7 |   N/A |   N/A |  48.7 | 1583.2
          Lair |  18.0 |  18.0 |   N/A |   N/A |  47.1 | 4208.2
         Sewer |   5.1 |   5.1 |   N/A |   N/A |   0.2 |  58.0
        Bailey |   3.2 |   3.2 |   N/A |   N/A |   4.0 | 1428.0
               +-------+-------+-------+-------+-------+----------------------
